 Dungeon Crawl Stone Soup version 0.29.1-2-gbd0b4ee654 (webtiles) character file.

Game seed: 8268786776769582467

45642 funnyparkerb the Markskobold (level 14, -1/94 HPs)
             Began as a Kobold Hunter on Nov 17, 2022.
             Was the Champion of Okawaru.
             Succumbed to a swamp dragon's poison gas
             ... on level 5 of the Lair of Beasts.
             The game lasted 00:32:17 (23411 turns).

funnyparkerb the Markskobold (Kobold Hunter)       Turns: 23411, Time: 00:32:18

Health: -1/94      AC: 14    Str:  9    XL:     14   Next: 72%
Magic:  22/23      EV: 28    Int: 13    God:    Okawaru [******]
Gold:   1562       SH:  0    Dex: 26    Spells: 15/19 levels left

rFire   + . .      SeeInvis .   a - +4 arbalest (vorpal)
rCold   . . .      Faith    .   (shield currently unavailable)
rNeg    . . .      Spirit   .   c - +0 leather armour
rPois   .          Reflect  .   z - +2 helmet {Int+3}
rElec   .          Harm     .   (no cloak)
rCorr   .          Rampage  .   h - +1 pair of gloves {Dex+3}
Will    +....                   g - +1 pair of boots
Stlth   +++.......              (no amulet)
HPRegen 0.25/turn               u - ring of protection from fire
MPRegen 0.18/turn               x - +4 ring of protection

@: lethally poisoned (-1 -> -8)
A: small, no large weapons, nightstalker 3, high MP 1
a: Renounce Religion, Heroism, Finesse, Duel


You were on level 5 of the Lair of Beasts.
You worshipped Okawaru.
Okawaru was exalted by your worship.
You visited 3 branches of the dungeon, and saw 18 of its levels.

You collected 1562 gold pieces.

Inventory:

Hand Weapons
 a - a +4 vorpal arbalest (weapon)
 t - a +0 shortbow
Missiles
 d - 2 curare-tipped darts
 y - a throwing net
 P - 2 atropa-tipped darts
Armour
 c - a +0 leather armour (worn)
 g - a +1 pair of boots (worn)
 h - a +1 pair of gloves of dexterity (worn)
 z - a +2 helmet of intelligence (worn)
Jewellery
 u - a ring of protection from fire (left hand)
 x - a +4 ring of protection (right hand)
 B - a ring of flight
Wands
 j - a wand of iceblast (8)
 r - a wand of digging (10)
 w - a wand of paralysis (3)
 F - a wand of quicksilver (7)
 L - a wand of mindburst (4)
 N - a wand of polymorph (6)
 R - a wand of flame (2)
Scrolls
 b - 3 scrolls of immolation
 f - 4 scrolls of butterflies
 i - 3 scrolls of poison
 l - 2 scrolls of fear
 m - 3 scrolls of vulnerability
 n - 2 scrolls of summoning
 v - 4 scrolls of silence
 A - 5 scrolls of amnesia
 E - 2 scrolls of magic mapping
 H - 2 scrolls of brand weapon
 J - a scroll of teleportation
 M - a scroll of noise {unknown}
 S - 2 scrolls of identify
Potions
 e - 6 potions of attraction
 k - 8 potions of brilliance
 p - 4 potions of cancellation
 q - 3 potions of lignification
 s - 6 potions of flight
 C - a potion of magic
 D - 3 potions of berserk rage
 I - a potion of resistance {unknown}


   Skills:
 + Level 13.6 Fighting
 + Level 17.3 Ranged Weapons
 + Level 14.7 Dodging
 - Level 1.3 Stealth
 - Level 3.0 Spellcasting
 - Level 5.0 Hexes
 - Level 5.0 Translocations
 - Level 10.0 Invocations


You had 15 spell levels left.
You knew the following spells:

 Your Spells              Type           Power      Damage    Failure   Level
a - Apportation           Tloc           28%        N/A       4%          1
b - Portal Projectile     Hex/Tloc       28%        N/A       12%         3

Your spell library contained the following spells:

 Spells                   Type           Power      Damage    Failure   Level
 Sublimation of Blood     Necr           1%         N/A       43%         2
 Wereblood                Tmut           1%         N/A       43%         2
 Ignite Poison            Fire/Tmut/Pois 1%         N/A       67%         3
 Mephitic Cloud           Conj/Pois/Air  1%         N/A       67%         3
 Alistair's Intoxication  Tmut/Pois      0%         N/A       100%        5
 Blade Hands              Tmut           0%         N/A       100%        5
 Freezing Cloud           Conj/Ice/Air   0%         6-21      100%        5
 Irradiate                Conj/Tmut      0%         3d11      100%        5
 Conjure Ball Lightning   Conj/Air       0%         3x3d6     100%        6
 Dragon Form              Tmut           0%         N/A       100%        7
 Discord                  Hex            7%         N/A       100%        8
 Disjunction              Tloc           7%         N/A       100%        8
 Tukima's Dance           Hex            Unusable   N/A       N/A         3
 Summon Hydra             Summ           Unusable   N/A       N/A         7

Dungeon Overview and Level Annotations

Branches:
Dungeon (12/15)            Temple (1/1) D:6            Lair (5/5) D:8
 Shoals (0/4) Lair:2       Spider (0/4) Lair:2        Slime (0/5) Lair:5
    Orc (0/2) D:11

Altars:
Cheibriados
Elyvilon
Fedhas
Hepliaklqana
Makhleb
Okawaru
Ru
Trog
Uskayaw
Vehumet
Zin
Jiyva

Shops:
D:3 (   D:9 :   D:11 [   D:12 :

Annotations:
D:2 1 runed translucent door, Crazy Yiuf
D:3 3 exclusions, Grinder
D:11 4 transporters
D:12 1 runed translucent door


Innate Abilities, Weirdness & Mutations

You are small and have problems with some larger weapons.
You are completely attuned to the shadows.
You have an increased reservoir of magic. (+10% MP)


Message History

You are engulfed in poison gas.
You are more poisoned.
* * * LOW HITPOINT WARNING * * *
x2 You feel very sick.
You enter the shallow water.
Moving in this stuff is going to be slow.
You are engulfed in poison gas.
You are more poisoned.
* * * LOW HITPOINT WARNING * * *
x2 You feel extremely sick.
A komodo dragon comes into view.
Your surroundings suddenly seem different.
* * * LOW HITPOINT WARNING * * *
You feel extremely sick.
Your magical contamination has completely faded away.
Drinking this now will have no effect.
Okay, then.
Okay, then.
You are confused.
You feel invigorated.
* * * LOW HITPOINT WARNING * * *
You feel very sick.
* * * LOW HITPOINT WARNING * * *
You feel very sick.
Okay, then.
You feel less invigorated.
You feel less confused.
* * * LOW HITPOINT WARNING * * *
You feel very sick.
It was a potion of magic.
Magic courses through your body.
* * * LOW HITPOINT WARNING * * *
You feel sick.
Okay, then.
Okay, then.
Unknown command.
Really quaff the potion of mutation?
You feel extremely strange.
Your magic regains its normal vibrancy.
You feel genetically unstable.
You feel more energetic.
You die...

###..#....#.......
##.......#......
#.#....#.......
####..........#
#.............#
##............#
###..#..........#
##.....##.##......
#@...##.#####.....
#.....### #.....
##....#..### #.....
#..........###.....
####.......P#..#....
#..................P
###...............P.
#.................
#..........P#....#


There were no monsters in sight!

Vanquished Creatures
  A fire dragon (Lair:5)
  A boulder beetle (D:11)
  3 hydras
  2 catoblepae
  3 two-headed ogres
  Sonja (Lair:5)
  A fire crab (Lair:5)
  A deep elf pyromancer (D:12)
  A manticore (D:11)
  4 cyclopes
  5 black mambas
  13 cane toads
  A kobold demonologist (D:10)
  4 rime drakes
  3 unseen horrors
  10 komodo dragons
  An efreet (D:11)
  3 trolls
  A polar bear (Lair:1)
  13 blink frogs
  A tarantella (Lair:2)
  2 hornets
  A shadow (D:11)
  63 yaks
  8 wyverns
  6 basilisks
  A wraith (D:12)
  A steam dragon (Lair:5)
  4 vampire mosquitoes (D:11)
  4 wargs
  4 acid dragons
  11 water moccasins
  4 hell hounds (Lair:5)
  An orc warrior (D:7)
  A swamp drake (Lair:5)
  3 ice beasts
  6 black bears
  32 wolves
  2 centaurs
  3 ogres
  A phantom (D:4)
  2 kobold brigands (D:8)
  17 bullfrogs
  A necrophage (D:5)
  3 scorpions
  3 wights (D:9)
  8 killer bees
  5 howler monkeys
  An electric eel (Lair:5)
  5 hounds
  9 orc priests
  3 gnoll boudas
  3 jellies (D:5)
  Ijyb (D:4)
  4 iguanas
  11 orc wizards
  15 gnolls
  6 adders
  A shadow imp (D:7)
  A white imp (D:7)
  6 ufetubi
  2 worms
  A dart slug (D:5)
  29 orcs
  6 ball pythons
  4 bats (D:3)
  5 endoplasms
  A giant cockroach (D:4)
  3 goblins
  2 hobgoblins
  3 jackals (D:2)
  3 quokkas
  4 frilled lizards
  14 kobolds
  2 rats
415 creatures vanquished.

Vanquished Creatures (others)
  A rime drake (Lair:5)
  11 fungi
  58 plants
70 creatures vanquished.

Grand Total: 485 creatures vanquished

Notes
Turn   | Place    | Note
-------+----------+-------------------------------------------
     0 | D:1      | funnyparkerb the Kobold Hunter began the quest for the Orb.
     0 | D:1      | Reached XP level 1. HP: 12/12 MP: 1/1
   922 | D:1      | Reached XP level 2. HP: 17/17 MP: 2/2
  1285 | D:2      | Reached skill level 6 in Ranged Weapons
  1451 | D:2      | Reached XP level 3. HP: 14/21 MP: 3/3
  2118 | D:2      | Found a faded altar of an unknown god.
  2208 | D:2      | Found a runed translucent door.
  2211 | D:2      | Noticed Crazy Yiuf
  2434 | D:3      | Reached skill level 7 in Ranged Weapons
  2485 | D:3      | Found a burning altar of Makhleb.
  2488 | D:3      | Reached XP level 4. HP: 26/26 MP: 4/4
  2583 | D:3      | Reached XP level 5. HP: 13/30 MP: 5/5
  2786 | D:3      | Reached skill level 8 in Ranged Weapons
  2855 | D:3      | Noticed Grinder
  3133 | D:3      | Found Recoxzytz's Weapon Shop.
  3452 | D:4      | Noticed a phantom
  3458 | D:4      | Killed a phantom
  3459 | D:4      | Reached XP level 6. HP: 30/37 MP: 6/6
  3531 | D:4      | Noticed an ogre
  3542 | D:4      | Killed an ogre
  4203 | D:4      | Reached XP level 7. HP: 18/42 MP: 7/7
  4514 | D:4      | Noticed Ijyb
  4516 | D:4      | Killed Ijyb
  4517 | D:4      | Reached skill level 9 in Ranged Weapons
  5513 | D:5      | Entered Level 5 of the Dungeon
  5627 | D:5      | Found a white marble altar of Elyvilon.
  5633 | D:5      | Noticed a water moccasin
  5647 | D:5      | Killed a water moccasin
  5648 | D:5      | Reached skill level 5 in Dodging
  5685 | D:5      | Reached XP level 8. HP: 48/48 MP: 8/8
  5733 | D:5      | Reached skill level 5 in Fighting
  5742 | D:5      | Found a hazy altar of Hepliaklqana.
  6398 | D:5      | Reached skill level 10 in Ranged Weapons
  7146 | D:6      | Found a glowing silver altar of Zin.
  7189 | D:6      | Found a staircase to the Ecumenical Temple.
  7225 | Temple   | Entered the Ecumenical Temple
  7231 | Temple   | Became a worshipper of Warmaster Okawaru
  7319 | D:6      | Reached XP level 9. HP: 45/56 MP: 9/9
  7602 | D:6      | Reached skill level 1 in Invocations
  7875 | D:6      | Reached * piety under Okawaru
  7940 | D:7      | Learned a level 1 spell: Apportation
  8021 | D:7      | Reached skill level 11 in Ranged Weapons
  8665 | D:7      | Noticed a hornet
  8667 | D:7      | Killed a hornet
  9217 | D:7      | Reached ** piety under Okawaru
  9590 | D:8      | Reached XP level 10. HP: 48/64 MP: 12/12
  9926 | D:8      | Reached skill level 12 in Ranged Weapons
 10502 | D:7      | Learned a level 3 spell: Portal Projectile
 10535 | D:8      | You are sucked into a shaft and drop 2 floors!
 10535 | D:10     | Entered Level 10 of the Dungeon
 10741 | D:10     | Found a sacrificial altar of Ru.
 10769 | D:10     | Noticed a kobold demonologist
 11100 | D:8      | Noticed a cyclops
 11321 | D:8      | Reached skill level 5 in Invocations
 11568 | D:8      | Reached *** piety under Okawaru
 11910 | D:8      | Killed a cyclops
 11911 | D:8      | Reached skill level 1 in Hexes
 11911 | D:8      | Reached skill level 1 in Translocations
 11999 | D:8      | Found a staircase to the Lair.
 12279 | D:8      | Found a snail-covered altar of Cheibriados.
 12645 | D:9      | Killed an unseen horror
 12912 | D:9      | Reached **** piety under Okawaru
 12913 | D:9      | Reached XP level 11. HP: 60/69 MP: 14/14
 13344 | D:9      | Found Nyzxam's Book Emporium.
 13735 | D:10     | Reached skill level 13 in Ranged Weapons
 13781 | D:10     | Noticed a two-headed ogre
 13791 | D:10     | Killed a two-headed ogre
 13792 | D:10     | Reached skill level 10 in Dodging
 13792 | D:10     | Reached skill level 1 in Spellcasting
 13934 | D:10     | Reached ***** piety under Okawaru
 14308 | D:10     | Received a gift from Okawaru
 14608 | D:11     | Found a transporter.
 14612 | D:11     | Found a transporter.
 14650 | D:11     | Found Kops's Armour Emporium.
 14663 | D:11     | Noticed a manticore
 14672 | D:11     | Killed a manticore
 14948 | D:11     | Noticed a boulder beetle
 14955 | D:11     | Killed a boulder beetle
 14956 | D:11     | Reached skill level 10 in Fighting
 15137 | D:11     | Noticed a two-headed ogre
 15141 | D:11     | Killed a two-headed ogre
 15142 | D:11     | Reached XP level 12. HP: 77/77 MP: 17/17
 15289 | D:11     | Noticed a six-headed hydra
 15293 | D:11     | Killed a six-headed hydra
 15294 | D:11     | Reached skill level 14 in Ranged Weapons
 15394 | D:11     | Found a staircase to the Orcish Mines.
 15410 | D:11     | Found a transporter.
 15411 | D:11     | Found a transporter.
 15550 | D:12     | Found Adiraixa's Book Shoppe.
 15854 | D:12     | Noticed a two-headed ogre
 15858 | D:12     | Killed a two-headed ogre
 16071 | D:12     | Found a runed translucent door.
 16085 | D:12     | Found a runed translucent door.
 16122 | D:12     | Identified the +2 trident of the Threshing Gods {vorpal,
                  | SInv} (Okawaru gifted it to you on level 12 of the Dungeon)
 16122 | D:12     | Received a gift from Okawaru
 16323 | Lair:1   | Entered Level 1 of the Lair of Beasts
 16676 | Lair:1   | Identified the +1 hat "Cikloac" {rC+} (Okawaru gifted it to
                  | you on level 1 of the Lair of Beasts)
 16676 | Lair:1   | Received a gift from Okawaru
 16787 | Lair:1   | Reached XP level 13. HP: 84/84 MP: 19/19
 17133 | Lair:1   | Reached skill level 5 in Hexes
 17535 | Lair:1   | Reached skill level 5 in Translocations
 17540 | Lair:1   | Reached skill level 15 in Ranged Weapons
 18228 | Lair:2   | Found a staircase to the Shoals.
 18685 | Lair:2   | Found a hole to the Spider Nest.
 19061 | Lair:3   | Received a gift from Okawaru
 19651 | Lair:3   | Identified the +8 dagger of Spontaneous Combustion {flame,
                  | rElec Int+2}
 19682 | Lair:3   | Received a gift from Okawaru
 19732 | Lair:3   | Reached skill level 16 in Ranged Weapons
 19737 | Lair:3   | Reached skill level 10 in Invocations
 19833 | Lair:3   | Reached XP level 14. HP: 82/92 MP: 21/21
 20906 | Lair:4   | Identified the +0 plate armour of Chimes {rF+ Stlth+}
                  | (Okawaru gifted it to you on level 4 of the Lair of Beasts)
 20906 | Lair:4   | Received a gift from Okawaru
 21433 | Lair:4   | Reached ****** piety under Okawaru
 21801 | Lair:5   | Entered Level 5 of the Lair of Beasts
 22189 | Lair:5   | Reached skill level 17 in Ranged Weapons
 22487 | Lair:5   | Found a viscous altar of Jiyva.
 22487 | Lair:5   | Found a staircase to the Slime Pits.
 22508 | Lair:5   | Noticed Sonja
 22989 | Lair:5   | Killed Sonja
 23403 | Lair:5   | Gained mutation: Your flesh is heat resistant. (rF+)
                  | [potion of mutation]
 23403 | Lair:5   | Lost mutation: Your flesh is heat resistant. (rF+) [potion
                  | of mutation]
 23403 | Lair:5   | Gained mutation: Your spells are a little easier to cast,
                  | but a little less powerful. [potion of mutation]
 23403 | Lair:5   | Gained mutation: You are somewhat resistant to further
                  | mutation. [potion of mutation]
 23406 | Lair:5   | HP: 1/94 [poisoned by a swamp dragon (poison gas)]
 23411 | Lair:5   | Lost mutation: Your spells are a little easier to cast, but
                  | a little less powerful. [potion of mutation]
 23411 | Lair:5   | Lost mutation: You are somewhat resistant to further
                  | mutation. [potion of mutation]
 23411 | Lair:5   | Gained mutation: You have an increased reservoir of magic.
                  | (+10% MP) [potion of mutation]
 23411 | Lair:5   | Succumbed to a swamp dragon's poison gas

Illustrated notes

Levels and vault maps discovered:
D:1:      tarquinn_simple_flora_water_b, layout_basic, serial_aquarium,
          aquarium_bridge_long_separate [aquarium_subvault_bridge,
          aquarium_subvault_window, aquarium_subvault_bridge,
          aquarium_subvault_bridge, aquarium_subvault_wall,
          aquarium_subvault_wall], aquarium_window_2, aquarium_window_3,
          aquarium_window_2, aquarium_view_4, aquarium_balcony_3b,
          hex_intersection
D:2:      layout_basic, ebering_ecumenical_altar_rust, minmay_box_of_dots,
          uniq_crazy_yiuf_cottage
D:3:      layout_basic, bloody_makhleb, serial_shops, nicolae_lakefront_shop,
          uniq_grinder
D:4:      layout_gridville, amcnicky_mini_rare_corridor_liquid, uniq_ijyb
D:5:      minmay_polygon_palace, layout_loops_ring,
          mainiacjoe_overflow_surrounded_room, elyvilon_altar_1
D:6:      layout_cave_pods, mainiacjoe_overflow_brackets,
          minmay_temple_entry_ruins
D:7:      layout_gridville, minivault_5
D:8:      layout_basic, mainiacjoe_overflow_alcove_2, erik_lair_orcish_takeover
D:9:      layout_basic, lemuel_tele_altar, serial_shops, nicolae_lakefront_shop,
          glass_columns_a, dk_noncrumbling_3
D:10:     layout_small_grid, nicolae_ru_path_of_blood
D:11:     layout_basic, orc_0_dummy, gauntlet_entry_generic, serial_shops,
          nicolae_square_shop, nicolae_diode_quadrants
D:12:     layout_rooms, serial_shops, shop_coins, mikee_hates_you
Temple:   eino_wide_crystal_templ
Lair:1:   layout_loops_ring, grunt_megastairs_4
Lair:2:   layout_cave_pods, elwin_shoals_entry_rooms, spider_nest_entry_rubble,
          hangedman_lair_unloving_vines, serial_bayou_shore_b
Lair:3:   layout_gridlike, nicolae_volcano_entry_lava_flow, beast_lair_carwin_1,
          serial_bayou_shore_a
Lair:4:   wander_river, layout_regular_city, beast_lair_carwin_11
Lair:5:   hangedman_lair_caniforms_friends, layout_cellular_growth,
          guppyfry_lair_end_dragon, dpeg_slime_entry_enclosed,
          grunt_megastairs_1, infiniplex_staircase_pool, serial_bayou_shore_b,
          uniq_sonja

Skill      XL: |  1  2  3  4  5  6  7  8  9 10 11 12 13 14 |
---------------+-------------------------------------------+-----
Ranged Weapons | 6 7 8 9 10 11 12 13 14 16 17 | 17.3
Fighting       | 3 4 6 7 8 10 11 12 13 | 13.6
Dodging        | 3 4 5 7 8 9 11 13 14 | 14.7
Invocations    | 3 5 7 8 10 | 10.0
Hexes          | 2 3 4 5 |  5.0
Translocations | 2 3 4 5 |  5.0
Spellcasting   | 3 |  3.0
Stealth        | |  1.3

Action                   |  1- 3 |  4- 6 |  7- 9 | 10-12 | 13-15 || total
-------------------------+-------+-------+-------+-------+-------++-------
Melee: Shortbow          |       |       |     1 |       |       ||     1
 Fire: Shortbow          |    52 |   118 |   377 |    74 |       ||   621
       Arbalest          |       |       |       |   320 |   471 ||   791
Throw: Dart              |       |       |       |     3 |     6 ||     9
 Cast: Portal Projectile |       |       |       |       |     6 ||     6
Evoke: Wand              |       |       |     5 |    20 |     2 ||    27
  Use: Potion            |       |     9 |     3 |     4 |     8 ||    24
       Scroll            |       |       |     8 |    20 |     6 ||    34
Armor: Leather armour    |     7 |    11 |    49 |    51 |    85 ||   203
Dodge: Dodged            |    13 |    65 |   212 |   384 |   572 ||  1246
